Map: Amygdala

Players

niggy - Winner!

  • Race: Zerg Zerg
  • League: Master
  • Spawn Location: 1:00

LavishRadish

  • Race: Terran Terran
  • League: Diamond
  • Spawn Location: 7:00

VOD

Have the link to the VOD?

Description

Time

  • Played on: March 12, 2025, 4:26 p.m.
  • Length: 14:23
Show
View Real Time Build Order
Export as new Build Order

niggy Zerg - Winner!

Build Orders: Hatch First 

Get SALT Encoding   

  12  0:02  Drone  
  13  0:08  Drone  
  14  0:15  Extractor, Drone  
  15  0:23  Overlord  
  16  0:42  Drone  
  16  0:48  Hatchery  
  15  0:52  Drone  
  16  1:01  Drone x2  
  18  1:13  Spawning Pool  
  18  1:18  Extractor, Drone  
  18  1:21  Drone  
  18  1:31  Drone  
  19  1:43  Drone  
  20  1:48  Extractor  
  20  1:50  Overlord  
  19  2:00  Queen  
  21  2:01  Queen  
  23  2:09  Drone x2  
  25  2:20  Metabolic Boost  
  25  2:22  Zergling x4  
  27  2:25  Drone  
  28  2:31  Drone  
  29  2:43  Drone x2  
  31  2:45  Overlord  
  31  2:47  Drone  
  32  2:55  Lair  
  32  3:09  Drone x3  
  32  3:10  Drone  
  36  3:24  Zergling x8  
  36  3:25  Zergling x4  
  42  3:30  Overlord  
  42  3:42  Evolution Chamber  
  42  3:46  Drone  
  42  3:47  Evolution Chamber, Drone  
  42  3:53  Hydralisk Den  
  41  4:00  Zergling x4  
  41  4:02  Drone x4  
  47  4:09  Zerg Ground Armor Level 1  
  47  4:14  Zerg Missile Weapons Level 1  
  47  4:22  Drone x2  
  47  4:23  Drone  
  50  4:25  Extractor  
  50  4:30  Hydralisk  
  51  4:32  Overlord x2  
  50  4:50  Hydralisk x2  
  54  5:01  Pneumatized Carapace  
  54  5:10  Spore Crawler  
  53  5:14  Hydralisk x4, Spore Crawler  
  53  5:15  Hydralisk  
  53  5:16  Zergling x2  
  63  5:29  Drone x2  
  65  5:47  Muscular Augments  
  65  5:53  Zergling x4  
  65  5:54  Overlord  
  65  5:55  Overlord x2  
  67  5:59  Extractor  
  66  6:07  Spine Crawler  
  66  6:08  Spine Crawler  
  66  6:09  Spine Crawler  
  63  6:11  Hydralisk  
  63  6:12  Hydralisk x2  
  63  6:13  Spine Crawler  
  68  6:32  Queen  
  70  6:33  Spine Crawler  
  70  6:35  Drone x4  
  70  6:36  Drone  
  74  6:50  Drone  
  74  6:51  Drone x2  
  77  7:01  Drone  
  77  7:02  Hydralisk x2, Drone  
  83  7:13  Overseer  
  83  7:18  Zergling x4  
  83  7:19  Zergling x6  
  62  7:41  Zergling x8  
  66  7:45  Overlord  
  66  8:01  Hatchery  
  65  8:07  Hydralisk x2  
  65  8:08  Hydralisk x2  
  73  8:14  Grooved Spines  
  73  8:16  Baneling Nest, Zerg Missile Weapons Level 2  
  73  8:17  Zerg Ground Armor Level 2  
  72  8:22  Overseer  
  72  8:23  Overseer x3  
  72  8:30  Hydralisk x2  
  72  8:33  Overlord x3  
  68  8:55  Queen  
  68  8:56  Hydralisk  
  68  8:57  Hydralisk x3  
  73  9:17  Spire  
  72  9:25  Drone x4  
  72  9:26  Drone x4  
  80  9:33  Queen  
  82  9:53  Zergling x8  
  82  9:54  Zergling x4  
  88  10:03  Infestation Pit  
  87  10:16  Extractor  
  87  10:18  Drone x2  
  87  10:19  Overlord x3, Drone x2  
  90  10:23  Extractor  
  89  10:32  Mutalisk x7  
  103  10:45  Drone  
  104  10:50  Drone x3  
  104  10:51  Drone  
  108  11:07  Infestor  
  108  11:08  Infestor  
  108  11:10  Hydralisk  
  114  11:20  Drone x2  
  114  11:21  Zergling x4, Drone x2  
  120  11:27  Hydralisk x5  
  126  12:08  Zergling x8  
  130  12:09  Overlord x5  
  130  12:19  Hatchery  
  129  12:28  Zergling x8, Hatchery  
  129  12:29  Zergling x4  
  134  12:34  Hive  
  134  12:45  Hydralisk x5  
  144  12:59  Hydralisk  
  144  13:00  Hydralisk x2  
  150  13:08  Hydralisk x3  
  156  13:24  Hydralisk x4  
  156  13:25  Hydralisk x2  
Show
View Real Time Build Order
Export as new Build Order

LavishRadish Terran 

Build Orders:  

Get SALT Encoding   

  12  0:01  SCV  
  13  0:13  SCV  
  14  0:19  Supply Depot  
  14  0:26  SCV  
  15  0:40  SCV  
  15  0:41  Barracks  
  16  0:49  Refinery  
  16  0:52  SCV  
  17  1:02  Refinery  
  17  1:05  SCV  
  18  1:19  Barracks  
  18  1:20  SCV  
  19  1:29  Supply Depot  
  19  1:32  SCV  
  19  1:38  Barracks Tech Lab  
  20  1:45  SCV  
  21  2:00  Factory  
  21  2:03  SCV  
  21  2:08  Marine  
  22  2:14  Marine  
  24  2:22  SCV  
  25  2:32  Supply Depot  
  25  2:34  SCV  
  26  2:39  Stimpack  
  26  2:42  Marine x2  
  28  2:48  Starport, Factory Tech Lab  
  28  3:00  Orbital Command  
  28  3:06  Barracks Reactor  
  28  3:07  Marauder  
  30  3:17  Siege Tank  
  33  3:27  Supply Depot  
  33  3:34  Starport  
  33  3:42  Marauder, Marine x2  
  37  3:51  Hellion  
  39  4:01  Starport Tech Lab  
  39  4:10  Marauder  
  39  4:11  Marine  
  39  4:12  Hellion  
  39  4:14  Starport Tech Lab  
  44  4:20  Marine  
  45  4:30  Supply Depot  
  45  4:36  Supply Depot  
  45  4:51  Banshee x2  
  45  4:52  Cloaking Field  
  51  4:54  Marauder, Marine  
  51  4:55  Marine  
  51  4:58  Hellion  
  57  5:15  Marine x2  
  57  5:20  Hellion  
  61  5:21  Supply Depot  
  61  5:27  Supply Depot  
  61  5:34  Medivac  
  63  5:42  Medivac, Marine x3  
  63  5:45  Supply Depot  
  68  5:53  Infernal Pre-Igniter  
  68  6:00  Hellion, Marine x2  
  68  6:01  Marauder  
  74  6:10  Medivac  
  76  6:19  SCV  
  76  6:21  Marine  
  76  6:22  Marine x2  
  80  6:28  Medivac  
  82  7:02  Command Center, SCV  
  83  7:08  Refinery  
  83  7:10  Refinery  
  83  7:14  SCV  
  76  7:26  SCV  
  64  7:55  Supply Depot  
  64  7:56  Supply Depot  
  64  8:14  Marine x3  
  67  8:34  SCV x2  
  69  8:35  Marine x2  
  69  8:36  Marine  
  72  8:46  SCV  
  70  8:53  Marine  
  43  9:10  Marine  
  43  9:11  Marine  
  43  9:13  Hellion  
  43  9:15  Banshee  
  43  9:16  Banshee  
  53  9:20  SCV  
  53  9:22  Orbital Command  
  54  9:32  SCV  
  54  9:33  Marauder, Marine x2  
  54  9:35  Hellion  
  61  9:44  SCV  
  62  9:48  SCV  
  63  9:54  Marine x2  
  63  9:56  SCV  
  63  9:58  Banshee  
  63  9:59  Banshee  
  72  10:02  Marauder  
  74  10:20  SCV x2  
  76  10:22  Hyperflight Rotors  
  76  10:24  Marauder, Marine x2  
  80  10:32  SCV  
  80  10:33  Cyclone  
  80  10:34  Starport  
  80  10:35  Mag-Field Accelerator  
  84  10:44  Factory  
  84  10:51  SCV x2  
  84  10:54  Marauder, Marine x2  
  90  11:04  Medivac  
  92  11:11  Medivac  
  94  11:20  Supply Depot  
  94  11:21  Supply Depot  
  94  11:26  Supply Depot  
  94  11:38  Marine  
  94  11:40  Marine  
  94  11:41  Marine, SCV  
  93  11:55  Marine  
  93  11:58  Marine  
  93  11:59  Marauder  
  97  12:07  Viking x2  
  101  12:12  Factory Tech Lab  
  101  12:13  Marine  
  102  12:16  Starport Tech Lab  
  102  12:29  Marauder  
  104  12:33  Supply Depot, SCV x2  
  106  12:37  Viking  
  106  12:43  Viking x2  
  112  12:45  Cyclone, SCV x2  
  117  12:54  Cyclone  
  117  12:57  SCV x2  
  122  13:02  Supply Depot  
  122  13:03  Supply Depot  
  122  13:06  Supply Depot  
  122  13:18  Banshee  
  125  13:23  Medivac, Viking  
  125  13:25  Cyclone  
  134  13:27  Marauder, Marine  
  134  13:29  Marine  
  136  13:39  Cyclone  
  139  13:48  Supply Depot  
  139  13:52  Supply Depot  
Tags
 
Matchup
TvZ
Spawn Locations
Cross Positions
Add a new tag
Caveats
  • Supply blocks, unpowered buildings, or Contaminate may cause inaccurate times.
  • Supply counts are checked every 10 seconds.